 Dungeon Crawl Stone Soup version 0.30.0-29-ga12c61a403 (webtiles) character file.

Game seed: 14701977043167430373

183 Rukkas the Chopper (level 5, 0/42 HPs)
             Began as a Minotaur Fighter on June 23, 2023.
             Was a Follower of Hepliaklqana.
             Slain by an adder (1 damage)
             ... on level 3 of the Dungeon.
             The game lasted 00:23:40 (1809 turns).

Rukkas the Chopper (Minotaur Fighter)               Turns: 1809, Time: 00:23:41

Health: 0/42       AC:  7    Str: 23    XL:     5   Next: 35%
Magic:  4/4        EV: 10    Int:  5    God:    Hepliaklqana [*.....]
Gold:   112        SH:  4    Dex:  9    Spells: 4/4 levels left

rFire   . . .        a - +0 war axe
rCold   . . .        c - +0 buckler
rNeg    . . .        b - +0 scale mail
rPois   .            (helmet restricted)
rElec   .            (no cloak)
rCorr   .            (no gloves)
SInv    .            (no boots)
Will    .....        (no amulet) Stlth
                     (no ring)
HPRegen 0.27/turn    (no ring)
MPRegen 0.09/turn

%: no passive effects
@: lethally poisoned (0 -> -3)
A: reduced essence, horns 2, retaliatory headbutt
a: Renounce Religion, Recall Ancestor, Ancestor Identity


You were on level 3 of the Dungeon.
You worshipped Hepliaklqana.
Hepliaklqana was aware of your devotion.
You visited 1 branch of the dungeon, and saw 3 of its levels.

You collected 112 gold pieces.

Inventory:

Hand Weapons
 a - a +0 war axe (weapon)
 m - a +0 longbow
Missiles
 h - 21 stones (quivered)
Armour
 b - a +0 scale mail (worn)
 c - a +0 buckler (worn)
 l - a +1 leather armour of fire resistance
Jewellery
 j - a ring of ice
Scrolls
 e - 4 scrolls of identify {unknown}
 k - a scroll of enchant armour {unknown}
Potions
 d - a potion of might
 f - a potion of magic {unknown}
 g - a potion of cancellation {unknown}
 i - a potion of ambrosia {unknown}


   Skills:
 + Level 4.4 Fighting
 + Level 4.8 Axes
 + Level 4.6 Armour
 + Level 1.3 Dodging
 + Level 4.2 Shields


You had 4 spell levels left.
You didn't know any spells.
Your spell library contained the following spells:

 Spells                   Type           Power      Damage    Failure   Level
 Summon Small Mammal      Summ           0%         N/A       83%         1
 Call Canine Familiar     Summ           0%         N/A       99%         3
 Inner Flame              Hex/Fire       0%         N/A       99%         3
 Summon Guardian Golem    Hex/Summ       0%         N/A       99%         3
 Flame Wave               Conj/Fire      0%         2d4       100%        4
 Sticky Flame             Conj/Fire      0%         2d3       100%        4


Dungeon Overview and Level Annotations

Branches:
Dungeon (3/15)

Altars:
Hepliaklqana

Shops:
D:1 *   D:3 :*


Innate Abilities, Weirdness & Mutations

Your life essence is reduced to manifest your ancestor. (-10% HP)
You have a pair of horns on your head.
You reflexively headbutt those who attack you in melee.


Message History

The adder poisons you!
Tiberius hits the adder.
The adder barely misses Tiberius.
The adder closely misses you. You furiously retaliate!
You headbutt the adder!
You kill the adder!
You hit the rat but do no damage.
You feel very sick.
The adder closely misses Tiberius.
Tiberius misses the adder.
The rat bites you but does no damage.
The adder bites Tiberius.
Tiberius hits the adder.
You slash the rat!
You kill the rat!
You feel sick.
The adder barely misses Tiberius.
Tiberius misses the adder.
The adder bites Tiberius but does no damage.
The kobold barely misses you.
You closely miss the kobold.
You hear the rusting of a drain nearby.
You feel sick.
An adder comes into view.
The adder barely misses Tiberius.
Tiberius hits the adder.
You block the kobold's attack.
You barely miss the kobold.
You feel sick.
The adder closely misses Tiberius.
Tiberius hits the adder.
The adder dies!
The kobold barely misses you. You furiously retaliate!
You headbutt the kobold, but do no damage.
Tiberius hits the kobold.
The kobold dies!
You feel sick.
You are no longer poisoned.
The adder bites you.
* * * LOW HITPOINT WARNING * * *
You are lethally poisoned!
The adder poisons you! The adder bites you but does no damage.
Things that are here:
a +2 dagger of venom; 4 stones; an adder corpse You miss the adder.
You headbutt the adder.
The adder is lightly wounded.
* * * LOW HITPOINT WARNING * * *
You feel sick. The adder bites you.
You die...

#....^..# #>..##
#.#####.# #.###
#.# #.# #.#
#.#####.#####.####
#....(#.....†††...
#.###+#######.....
##.# .......
####..# ###.....
#..†R@# ......
#....S......#
###....
#.....~......
.....
#..$~~~~~.~..
.....
######~#~#~~. ~~~~
~# ## ## #


You could see the friendly Tiberius the ancestor and an adder (ally target).

Vanquished Creatures
  6 adders
  A river rat (D:3)
  A worm (D:3)
  3 orcs (D:3)
  8 bats
  8 endoplasms
  6 giant cockroaches
  3 goblins
  3 hobgoblins
  5 jackals
  4 kobolds
  2 quokkas (D:2)
  5 ball pythons
  A frilled lizard (D:1)
  6 rats
62 creatures vanquished.

Vanquished Creatures (collateral kills)
  A hound (D:3)
  An adder (D:3)
  A dart slug (D:2)
  A hobgoblin (D:2)
  A jackal (D:3)
  2 kobolds
7 creatures vanquished.

Vanquished Creatures (others)
  An ancestor (D:3)
1 creature vanquished.

Grand Total: 70 creatures vanquished

Notes
Turn   | Place    | Note
-------+----------+-------------------------------------------
     0 | D:1      | Rukkas the Minotaur Fighter began the quest for the Orb.
     0 | D:1      | Reached XP level 1. HP: 19/19 MP: 0/0
   425 | D:1      | Reached XP level 2. HP: 27/27 MP: 1/1
   946 | D:1      | Found Faw Jin's Assorted Antiques.
  1059 | D:2      | Reached XP level 3. HP: 32/33 MP: 2/2
  1088 | D:2      | Found a faded altar of an unknown god.
  1113 | D:2      | Prayed at the altar of an unknown god.
  1113 | D:2      | Became a worshipper of Hepliaklqana the Forgotten
  1113 | D:2      | Reached * piety under Hepliaklqana
  1322 | D:2      | Reached XP level 4. HP: 32/36 MP: 3/3
  1538 | D:3      | Found Zevecava's General Store.
  1570 | D:3      | Reached skill level 1 in Dodging
  1751 | D:3      | Reached XP level 5. HP: 18/42 MP: 4/4
  1770 | D:3      | Found Sysh's Book Shoppe.
  1809 | D:3      | HP: 1/42 [poisoned by an adder]
  1809 | D:3      | Slain by an adder

Illustrated notes

Levels and vault maps discovered:
D:1:      nzn_arrival_settlement, layout_loops_ring, serial_shops, shop
D:2:      layout_rooms, ebering_ecumenical_altar_petrified
D:3:      layout_basic, general_overflow_altar,
          nicolae_dithmenos_through_a_glass_darkly, serial_shops,
          nicolae_shop_crystal, shop, shop, shop, shop,
          lightli_sewer_entry_pipes

Skill      XL: |  1  2  3  4 |
---------------+-------------+-----
Armour         | 4 |  4.6
Fighting       | 4 |  4.4
Axes           | 3 4 |  4.8
Shields        | 4 |  4.2
Dodging        | 1 |  1.3

Action                     |  1- 3 |  4- 6 || total
---------------------------+-------+-------++-------
  Melee: War axe           |    88 |    52 ||   140
         Headbutt          |     4 |     6 ||    10
 Invoke: Ancestor Identity |       |     2 ||     2
 Armour: Scale mail        |    56 |    44 ||   100
  Dodge: Dodged            |    44 |    35 ||    79
  Block: Buckler           |    22 |    20 ||    42
